 Dungeon Crawl Stone Soup version 0.30.1-9-gdf580d7c3d (webtiles) character file.

Game seed: 2204617110247030421

8818 monsoonserge the Carver (level 11, -2/94 HPs)
             Began as a Meteoran Monk on Oct 22, 2023.
             Was an Elder of Qazlal.
             Slain by Harold
             ... wielding a +5 mace of protection
              (11 damage)
             ... on level 9 of the Dungeon.
             The game lasted 00:37:23 (5523 turns).

monsoonserge the Carver (Meteoran Monk)             Turns: 5523, Time: 00:37:24

Health: -2/94      AC: 13    Str: 13    XL:     11   Next: 93%
Magic:  17/17      EV: 15    Int: 11    God:    Qazlal [****..]
Gold:   533        SH:  0    Dex: 22    Spells: 10/10 levels left

rFire   . . .        Q - +1 scimitar (elec)
rCold   . . .        b - +0 buckler
rNeg    + . .        T - +4 ring mail
rPois   +            i - +1 hat
rElec   .            (no cloak)
rCorr   .            (no gloves)
SInv    .            k - +0 pair of boots
Will    +....        (no amulet) Stlth
                     h - ring of positive energy
HPRegen 0.35/turn    o - ring of poison resistance
MPRegen 0.15/turn

%: repel missiles
@: confused, ambrosia-drunk, marked, glowing
A: sense surroundings 2, otherworldly, glowing, explore regen
a: Renounce Religion, Upheaval, Elemental Force


You were on level 9 of the Dungeon.
You worshipped Qazlal.
Qazlal was greatly pleased with you.
You visited 3 branches of the dungeon, and saw 12 of its levels.
You also visited: Sewer.

You collected 705 gold pieces.
You spent 172 gold pieces at shops.

Inventory:

Hand Weapons
 a - a +0 falchion
 K - a +3 long sword
 Q - a +1 scimitar of electrocution (weapon)
Missiles
 x - 6 atropa-tipped darts
 B - 2 throwing nets
 O - 10 poisoned darts (quivered)
 R - a boomerang
Armour
 b - a +0 buckler (worn)
 d - an orb of light
 e - a +0 scale mail
 g - a +0 chain mail
 i - a +1 hat (worn)
 k - a +0 pair of boots (worn)
 T - a +4 ring mail (worn)
Magical Staves
 y - a staff of conjuration
Jewellery
 h - a ring of positive energy (left hand)
 o - a ring of poison resistance (right hand)
 w - the ring of the Ego {Ice rN+}
   (You found it on level 3 of the Dungeon)

   [ring of ice]

   It enhances your ice magic.
   rF:        It makes you vulnerable to fire.
   rC:        It protects you from cold.
   rN:        It protects you from negative energy.
 M - a ring of resist corrosion
Wands
 G - a wand of quicksilver (12)
 P - a wand of paralysis (8)
Scrolls
 f - a scroll of silence {unknown}
 j - 2 scrolls of poison
 n - 2 scrolls of amnesia
 u - 6 scrolls of teleportation
 C - a scroll of torment {unknown}
 D - 2 scrolls of enchant armour {unknown}
 F - 2 scrolls of blinking
 H - a scroll of immolation {unknown}
 I - 2 scrolls of vulnerability {unknown}
 J - a scroll of identify
 N - 2 scrolls of noise {unknown}
 S - a scroll of fog {unknown}
 U - a scroll of fear {unknown}
Potions
 c - 3 potions of ambrosia
 l - 3 potions of curing
 m - 2 potions of degeneration {unknown}
 p - 5 potions of cancellation {unknown}
 q - 5 potions of might
 r - 2 potions of resistance {unknown}
 s - 2 potions of haste
 t - 6 potions of mutation
 v - a potion of heal wounds
 z - 2 potions of attraction {unknown}
 A - a potion of flight {unknown}
 E - a potion of lignification {unknown}
 L - a potion of brilliance {unknown}


   Skills:
 + Level 7.9 Fighting
 + Level 12.4 Long Blades
 + Level 8.3 Armour
 + Level 7.6 Dodging
 + Level 7.9 Shields
 + Level 7.8 Invocations


You had 10 spell levels left.
You didn't know any spells.
Your spell library contained the following spells:

 Spells                   Type           Power      Damage    Failure   Level
 Magic Dart               Conj           0%         1d3       65%         1
 Shock                    Conj/Air       0%         1d3       65%         1
 Searing Ray              Conj           0%         2d4       78%         2
 Ozocubu's Armour         Ice            0%         N/A       95%         3
 Swiftness                Air            0%         N/A       95%         3
 Airstrike                Air            0%         2d(0-16)  100%        4
 Fulminant Prism          Conj/Hex       0%         3d5       100%        4
 Summon Ice Beast         Ice/Summ       0%         N/A       100%        4
 Summon Mana Viper        Hex/Summ       0%         N/A       100%        5
 Monstrous Menagerie      Summ           0%         N/A       100%        7
 Ozocubu's Refrigeration  Ice            0%         4d7       100%        7


Dungeon Overview and Level Annotations

Branches:
Dungeon (9/15) Zot: 315    Temple (1/1) D:4 Zot: 576     Orc (2/2) D:9 Zot: 1182
  Sewer (visited)
   Lair: D:8-11         Elf: Orc:2

Altars:
Ashenzari
Cheibriados
Dithmenos
Fedhas
Qazlal
Trog
Wu Jian
Yredelemnul
Zin
The Shining One

Shops:
D:2 [   D:3 *   D:5 :*!?

Annotations:
D:8 4 runed translucent doors
D:9 Harold


Innate Abilities, Weirdness & Mutations

You passively map the area around you.
You are easily found by Zot.
You glow in the dark.
You regain HP and MP as you explore.


Message History

You hit Harold.
Harold is lightly wounded.
Harold hits you with a +5 mace of protection.
* * * LOW HITPOINT WARNING * * *
You slash Harold!
Harold is moderately wounded.
You block Harold's attack.
You hit Harold.
Harold is moderately wounded.
You block Harold's attack.
You hit Harold but do no damage.
Harold is moderately wounded.
Harold points at you and mumbles some strange words.
The mark upon you grows brighter.
You hit Harold but do no damage.
Harold is moderately wounded.
You hit Harold but do no damage.
Harold is moderately wounded.
Harold grumbles, "Just give up already, I want to go home!"
Harold hits you with a +5 mace of protection!!
* * * LOW HITPOINT WARNING * * *
You hit Harold but do no damage.
Harold is moderately wounded.
Harold points at you and mumbles some strange words.
The mark upon you grows brighter.
Aiming: Paralyse
Press: ? - help, Shift-Dir - straight line, f - Harold
Aim: Harold, wielding a +5 mace of protection, wearing a +0 ring mail, quivering a throwing net and carrying a wand of iceblast (3) (moderately wounded, chance to affect: 17%)
Okay, then.
Okay, then.
Press: ? - help, v - describe, . - travel
Here: Harold, wielding a +5 mace of protection, wearing a +0 ring mail, quivering a throwing net and carrying a wand of iceblast (3) (moderately wounded)
The floor.
Unknown command.
Unknown command.
Okay, then.
You are confused.
You feel invigorated.
Harold hits you with a +5 mace of protection!
You die...

### ### ### #
#######.###8###.###
#≈°≈.#...#...#...#.
#§§○.#...).)....).)
#§@@.'...[.......))
####§§○.#...........).
#..#§§≈.#...#...#...#.
#.########8###8###.###
#.# ####### #####
#.######## #.# #.
#.#.....># #.# #.
#.#.###..###.# #.
#)#.# #....#.# #.


You could see Harold.

Vanquished Creatures
  A two-headed ogre (D:8)
  An orange crystal statue (D:9)
  Pikel (D:6)
  A deep elf pyromancer (D:9)
  2 wraiths
  2 wyverns
  9 yaks (D:9)
  A warg (Orc:1)
  4 water moccasins
  3 ice beasts
  6 orc warriors
  A black bear (D:4)
  2 ogres (D:9)
  7 centaurs
  2 kobold brigands (D:9)
  2 bullfrogs
  A gnoll sergeant (D:8)
  2 scorpions
  14 wights
  4 killer bees (D:7)
  2 lava snakes (D:9)
  3 gnoll boudas
  5 orc priests
  5 jellies
  2 hounds (D:3)
  Jessica (D:2)
  4 iguanas
  9 orc wizards
  Terence (D:2)
  18 gnolls
  15 adders
  7 river rats
  2 white imps (D:5)
  2 ufetubi (D:6)
  4 worms
  3 dart slugs
  32 orcs
  4 bats
  12 endoplasms
  8 giant cockroaches
  5 goblins
  6 hobgoblins
  13 jackals
  15 kobolds
  8 ball pythons
  8 frilled lizards
  14 rats
274 creatures vanquished.

Notes
Turn   | Place    | Note
-------+----------+-------------------------------------------
     0 | D:1      | monsoonserge the Meteoran Monk began the quest for the Orb.
     0 | D:1      | Reached XP level 1. HP: 19/19 MP: 2/2
   134 | D:1      | Reached XP level 2. HP: 26/26 MP: 3/3
   166 | D:1      | Reached skill level 4 in Long Blades
   169 | D:1      | Reached XP level 3. HP: 31/31 MP: 4/4
   227 | D:1      | Found a faded altar of an unknown god.
   227 | D:1      | Noticed a hellion
   235 | D:1      | Prayed at the altar of an unknown god.
   235 | D:1      | Became a worshipper of Qazlal Stormbringer
   235 | D:1      | Reached * piety under Qazlal
   235 | D:1      | Reached ** piety under Qazlal
   497 | D:2      | Reached XP level 4. HP: 40/40 MP: 5/5
   530 | D:2      | Reached skill level 1 in Invocations
   533 | D:2      | Reached *** piety under Qazlal
   657 | D:2      | Reached skill level 1 in Armour
   657 | D:2      | Reached XP level 5. HP: 46/46 MP: 7/7
   779 | D:2      | Found Tefi's Armour Shop.
   835 | D:2      | Noticed Terence
   854 | D:2      | Killed Terence
   855 | D:2      | Reached skill level 5 in Long Blades
   909 | D:2      | Noticed Jessica
   916 | D:2      | Killed Jessica
  1045 | D:3      | Reached XP level 6. HP: 48/52 MP: 8/8
  1209 | D:3      | Reached **** piety under Qazlal
  1272 | D:3      | Found a glowing drain.
  1280 | Sewer    | Entered a sewer
  1386 | Sewer    | Reached skill level 6 in Long Blades
  1386 | Sewer    | Reached XP level 7. HP: 22/59 MP: 10/10
  1553 | Sewer    | Found a viscous altar of Jiyva.
  1894 | D:3      | Identified the ring of the Ego {Ice rN+}
  1972 | D:3      | Reached skill level 1 in Shields
  2033 | D:3      | Found a transporter.
  2036 | D:3      | Found Isiwuc's Assorted Antiques.
  2039 | D:3      | Found a transporter.
  2045 | D:3      | Bought a green potion for 18 gold pieces
  2049 | D:3      | Glimpsed the power of Zot.
  2137 | D:4      | Found an ornate altar of the Wu Jian Council.
  2165 | D:4      | Found a snail-covered altar of Cheibriados.
  2180 | D:4      | Reached skill level 7 in Long Blades
  2180 | D:4      | Reached skill level 5 in Dodging
  2180 | D:4      | Reached XP level 8. HP: 62/66 MP: 12/12
  2186 | D:4      | Found a shadowy altar of Dithmenos.
  2574 | D:4      | Found a staircase to the Ecumenical Temple.
  2586 | Temple   | Entered the Ecumenical Temple
  2622 | D:5      | Entered Level 5 of the Dungeon
  2622 | D:5      | Noticed Pikel
  2651 | D:5      | Reached skill level 5 in Invocations
  2710 | D:5      | Reached skill level 8 in Long Blades
  2715 | D:5      | Gained mutation: You passively map the area around you.
                  | [Meteoran growth]
  2715 | D:5      | Reached XP level 9. HP: 15/73 MP: 3/14
  2753 | D:5      | Found a bloodstained altar of Trog.
  2821 | D:5      | Found Xozonask's Distillery.
  2843 | D:5      | Reached skill level 5 in Fighting
  2863 | D:5      | Found Okeacyn's General Store.
  2865 | D:5      | Found Dyujum's Book Emporium.
  2871 | D:5      | Bought a potion of curing for 39 gold pieces
  2891 | D:5      | Found a broken altar of Ashenzari.
  2933 | D:5      | Found Licacaef's Magic Scroll Boutique.
  2941 | D:5      | Bought a scroll of teleportation for 33 gold pieces
  2941 | D:5      | Bought a scroll of blinking for 82 gold pieces
  3286 | D:6      | Reached skill level 5 in Armour
  3396 | D:6      | Killed Pikel
  3397 | D:6      | Reached skill level 9 in Long Blades
  3401 | D:5      | Found a glowing silver altar of Zin.
  3826 | D:7      | Reached XP level 10. HP: 37/81 MP: 13/16
  3998 | D:7      | Reached skill level 10 in Long Blades
  3998 | D:7      | Reached skill level 5 in Shields
  4101 | D:7      | Reached ***** piety under Qazlal
  4315 | D:8      | Noticed a two-headed ogre
  4326 | D:8      | Killed a two-headed ogre
  4355 | D:8      | Reached XP level 11. HP: 76/91 MP: 17/17
  4357 | D:8      | Reached skill level 11 in Long Blades
  4573 | D:8      | Found a huge runed translucent gate.
  4574 | D:8      | Found a huge runed translucent gate.
  4574 | D:8      | Found a huge runed translucent gate.
  4574 | D:8      | Found a huge runed translucent gate.
  4574 | D:8      | Noticed a manticore
  4696 | D:9      | Found a blossoming altar of Fedhas.
  4771 | D:9      | Noticed an orange crystal statue
  4773 | D:9      | Noticed a cyclops
  4914 | D:9      | Noticed a deep elf pyromancer
  4926 | D:9      | Killed a deep elf pyromancer
  4999 | D:9      | Killed an orange crystal statue
  5000 | D:9      | Reached skill level 12 in Long Blades
  5254 | D:9      | Found a stormy altar of Qazlal.
  5478 | D:9      | Found a staircase to the Orcish Mines.
  5487 | Orc:1    | Entered Level 1 of the Orcish Mines
  5491 | Orc:1    | Noticed Harold
  5498 | Orc:2    | Entered Level 2 of the Orcish Mines
  5521 | D:9      | HP: 3/94 [Harold/+5 mace of protection (21)]
  5523 | D:9      | Slain by Harold

Illustrated notes

Levels and vault maps discovered:
D:1:      dpeg_arrival_short_road, layout_basic,
          dreamdust_ecumenical_altar_sealed_demon
D:2:      layout_basic, serial_shops, nicolae_shop_waterfront, uniq_terence,
          uniq_jessica
D:3:      layout_loops_corners, lightli_sewer_entry_pipes, serial_shops,
          nicolae_shop_drivethru, grunt_decor_mini_mirrors, st_stairs_12,
          cheibrodos_gnoll_hut
D:4:      minmay_polygon_palace, layout_cave_pools, nzn_wu_jian_contemplation,
          mainiacjoe_overflow_large_starburst, minmay_temple_entry_glass
D:5:      layout_rooms, nicolae_overflow_hidden_temple,
          nicolae_ashenzari_skybound, mainiacjoe_overflow_alcove_2,
          serial_shops, shop, nicolae_shop_distant_corner_stores,
          lemuel_flamethrower_2, uniq_pikel
D:6:      layout_basic
D:7:      layout_rooms, lemuel_flamethrower_1
D:8:      lemuel_bear_cage, layout_gridville
D:9:      lemuel_flame_loot_2, layout_basic, mainiacjoe_overflow_24_doors,
          fedhas_bush_and_centaur_altar, david_orc_4, minivault_16
Temple:   nicolae_temple_great_sept
Orc:1:    layout_caves, serial_shops, nicolae_shop_behind_doors, uniq_harold
Orc:2:    st_orc_open, layout_caves, serial_shops, shop, nicolae_shop_gadgets,
          uniq_maurice, uniq_nessos

Skill      XL: |  1  2  3  4  5  6  7  8  9 10 11 |
---------------+----------------------------------+-----
Dodging        | 4 5 6 7 |  7.6
Long Blades    | 4 5 6 7 8 9 10 12 | 12.4
Invocations    | 1 2 3 4 5 6 7 |  7.8
Armour         | 1 2 4 6 7 8 |  8.3
Fighting       | 4 5 6 7 |  7.9
Shields        | 1 3 6 7 |  7.9

Action                     |  1- 3 |  4- 6 |  7- 9 | 10-12 || total
---------------------------+-------+-------+-------+-------++-------
  Melee: Falchion          |    60 |   190 |   246 |    19 ||   515
         Long sword        |       |       |       |   110 ||   110
         Scimitar          |       |       |       |   184 ||   184
 Invoke: Upheaval          |       |       |     7 |    10 ||    17
    Use: Scroll            |       |       |     5 |     1 ||     6
         Potion            |       |       |       |     2 ||     2
 Armour: Scale mail        |    33 |    93 |    66 |   115 ||   307
         Ring mail         |       |       |       |    12 ||    12
  Dodge: Dodged            |    20 |    81 |    89 |   165 ||   355
         Repelled          |       |       |     1 |     2 ||     3
  Block: Orb               |     2 |    28 |    25 |       ||    55
         Buckler           |       |       |    82 |   227 ||   309
